TOP OF THE 1ST |
Vancouver Vipers batting - Pitching for Texarkana Bears : RHP Joe Utter
|
Pitching: RHP Joe Utter
|
|
Batting: RHB Víctor Arredondo
|
0-0: Ball 1-0: Swinging Strike 1-1: Foul Ball, location: 2F 1-2: SINGLE (Groundball, 5L) (infield hit)
|
Batting: RHB Sergio Pujols
|
0-0: Ball 1-0: Ball 2-0: Fielders Choice at 2nd, 6-4 (Groundball, 6)
|
Batting: RHB Daniel Robert
|
0-0: Called Strike 0-1: Foul Ball, location: 2F 0-2: Foul Ball, location: 2F 0-2: Strikes out looking
|
Batting: RHB Bill Little
|
0-0: Ball 1-0: Ball 2-0: Ball 3-0: Base on Balls Sergio Pujols to second
|
Batting: LHB Mike Williams
|
0-0: DOUBLE (Line Drive, 5D) Sergio Pujols scores Bill Little to third
|
Batting: RHB Walton Smith
|
0-0: Called Strike 0-1: Ball 1-1: Ball 2-1: Ball 3-1: Base on Balls
|
Batting: SHB Henry Copeland
|
0-0: Called Strike 0-1: Ball 1-1: Foul Ball, location: 2F 1-2: Strikes out swinging
|
Top of the 1st over - 1 run(s), 2 hit(s), 0 error(s), 3 left on base; Vancouver 1 - Texarkana 0 |
BOTTOM OF THE 1ST |
Texarkana Bears batting - Pitching for Vancouver Vipers : RHP Javier Toledo
|
Pitching: RHP Javier Toledo
|
|
Batting: RHB Steve Garneys
|
0-0: Ball 1-0: Fly out, F8 (Flyball, 8RM)
|
Batting: RHB Tony Reyes
|
0-0: Called Strike 0-1: Called Strike 0-2: Ball 1-2: Ball 2-2: Ground out 5-3 (Groundball, 56)
|
Batting: LHB Sam Barnes
|
0-0: SINGLE (Line Drive, 9S)
|
Batting: RHB Juan Rico
|
0-0: Foul Ball, location: 2F 0-1: Swinging Strike 0-2: Ball 1-2: Ball Sam Barnes steals 2nd base 2-2: Ground out 5-3 (Groundball, 56S)
|
Bottom of the 1st over - 0 run(s), 1 hit(s), 0 error(s), 1 left on base; Vancouver 1 - Texarkana 0 |
TOP OF THE 2ND |
Vancouver Vipers batting - Pitching for Texarkana Bears : RHP Joe Utter
|
Batting: LHB Brian Ford
|
0-0: Swinging Strike 0-1: Ball 1-1: Ball 2-1: Ball 3-1: Foul Ball, location: 2F 3-2: Foul Ball, location: 2F 3-2: Strikes out swinging
|
Batting: RHB David Canseco
|
0-0: DOUBLE (Groundball, 5L)
|
Batting: RHB Víctor Arredondo
|
0-0: Foul Ball, location: 2F 0-1: Foul Ball, location: 2F 0-2: Fly out, F8 (Line Drive, 8LM)
|
Batting: RHB Sergio Pujols
|
0-0: Swinging Strike 0-1: Foul Ball, location: 2F 0-2: Foul Ball, location: 2F 0-2: Ball 1-2: Foul Ball, location: 2F 1-2: Foul Ball, location: 2F 1-2: Ball 2-2: SINGLE (Flyball, 78S) David Canseco to third Runner from 3rd tries for Home, SAFE, no throw
|
Batting: RHB Daniel Robert
|
0-0: Ball 1-0: Called Strike 1-1: Ball 2-1: Ball 3-1: Called Strike 3-2: Foul Ball, location: 2F 3-2: Strikes out looking
|
Top of the 2nd over - 1 run(s), 2 hit(s), 0 error(s), 1 left on base; Vancouver 2 - Texarkana 0 |
BOTTOM OF THE 2ND |
Texarkana Bears batting - Pitching for Vancouver Vipers : RHP Javier Toledo
|
Batting: LHB Tom Mullins
|
0-0: Ball 1-0: Ball 2-0: Called Strike 2-1: Ground out U3 (Groundball, 34)
|
Batting: RHB Taki Chikafuji
|
0-0: Called Strike 0-1: Ball 1-1: Foul Ball, location: 2F 1-2: Ball 2-2: Ball 3-2: SINGLE (Groundball, 34S) (infield hit)
|
Batting: RHB Arturo Rodríguez
|
0-0: Ball 1-0: Ball 2-0: Foul Ball, location: 2F 2-1: Foul Ball, location: 2F 2-2: Strikes out swinging
|
Batting: RHB Gilberto López
|
0-0: Called Strike 0-1: Foul Ball, location: 2F 0-2: Ball 1-2: Hit by Pitch Taki Chikafuji to second
|
Batting: RHB Michael Barraclough
|
0-0: Called Strike 0-1: 3-RUN HOME RUN (Flyball, 7D), Distance : 395 ft
|
Batting: RHB Steve Garneys
|
0-0: SINGLE (Groundball, 6D)
|
Batting: RHB Tony Reyes
|
0-0: Ball 1-0: SINGLE (Groundball, 6D) Steve Garneys to second
|
Batting: LHB Sam Barnes
|
0-0: Ball 1-0: Swinging Strike 1-1: Ball 2-1: Hit by Pitch Steve Garneys to third Tony Reyes to second
|
Batting: RHB Juan Rico
|
0-0: Foul Ball, location: 2F 0-1: Ball 1-1: Ball 2-1: SINGLE (Flyball, 9LS) Steve Garneys scores Tony Reyes to third Sam Barnes to second
|
Batting: LHB Tom Mullins
|
0-0: Ball 1-0: Ball 2-0: Foul Ball, location: 2F 2-1: Swinging Strike 2-2: Foul Ball, location: 2F 2-2: Ground out U3 (Groundball, 3)
|
Bottom of the 2nd over - 4 run(s), 5 hit(s), 0 error(s), 3 left on base; Vancouver 2 - Texarkana 4 |
TOP OF THE 3RD |
Vancouver Vipers batting - Pitching for Texarkana Bears : RHP Joe Utter
|
Batting: RHB Bill Little
|
0-0: Called Strike 0-1: Fly out, F8 (Flyball, 8LD)
|
Batting: LHB Mike Williams
|
0-0: Called Strike 0-1: Ball 1-1: DOUBLE (Line Drive, 7LS)
|
Batting: RHB Walton Smith
|
0-0: Foul Ball, location: 2F 0-1: Ball 1-1: Foul Ball, location: 2F 1-2: Foul Ball, location: 2F 1-2: Ball 2-2: Ball 3-2: Strikes out swinging
|
Batting: SHB Henry Copeland
|
0-0: Ball 1-0: Called Strike 1-1: Foul Ball, location: 2F 1-2: Strikes out swinging
|
Top of the 3rd over - 0 run(s), 1 hit(s), 0 error(s), 1 left on base; Vancouver 2 - Texarkana 4 |
BOTTOM OF THE 3RD |
Texarkana Bears batting - Pitching for Vancouver Vipers : RHP Javier Toledo
|
Batting: RHB Taki Chikafuji
|
0-0: SINGLE (Flyball, 78S)
|
Batting: RHB Arturo Rodríguez
|
0-0: Ball 1-0: Ball 2-0: Grounds into double play, 4-6-3 (Groundball, 4)
|
Batting: RHB Gilberto López
|
0-0: Ball 1-0: Ball 2-0: Fly out, F6 (Popup, 56D)
|
Bottom of the 3rd over - 0 run(s), 1 hit(s), 0 error(s), 0 left on base; Vancouver 2 - Texarkana 4 |
TOP OF THE 4TH |
Vancouver Vipers batting - Pitching for Texarkana Bears : RHP Joe Utter
|
Batting: LHB Brian Ford
|
0-0: Called Strike 0-1: Ball 1-1: Ball 2-1: Ball 3-1: Base on Balls
|
Batting: RHB David Canseco
|
0-0: Ball 1-0: Called Strike Brian Ford steals 2nd base 1-1: Ball 2-1: Ball 3-1: Ground out 6-3 (Groundball, 6) Brian Ford to third
|
Batting: RHB Víctor Arredondo
|
0-0: Called Strike 0-1: Fly out, F9 (Line Drive, 9) Runner from 3rd tags up, SCORES, no throw
|
Batting: RHB Sergio Pujols
|
0-0: Swinging Strike 0-1: Ball 1-1: Fly out, F4 (Flyball, 4D)
|
Top of the 4th over - 1 run(s), 0 hit(s), 0 error(s), 0 left on base; Vancouver 3 - Texarkana 4 |
BOTTOM OF THE 4TH |
Texarkana Bears batting - Pitching for Vancouver Vipers : RHP Javier Toledo
|
Batting: RHB Michael Barraclough
|
0-0: Called Strike 0-1: Ball 1-1: Ball 2-1: Foul Ball, location: 2F 2-2: Strikes out swinging
|
Batting: RHB Steve Garneys
|
0-0: Called Strike 0-1: Ball 1-1: Ball 2-1: DOUBLE (Line Drive, 7LM)
|
Batting: RHB Tony Reyes
|
0-0: Called Strike 0-1: Swinging Strike 0-2: Foul Ball, location: 2F 0-2: Ball 1-2: Ball 2-2: Strikes out swinging
|
Batting: LHB Sam Barnes
|
0-0: Called Strike 0-1: Called Strike 0-2: Foul Ball, location: 2F 0-2: Ball 1-2: Strikes out swinging
|
Bottom of the 4th over - 0 run(s), 1 hit(s), 0 error(s), 1 left on base; Vancouver 3 - Texarkana 4 |
TOP OF THE 5TH |
Vancouver Vipers batting - Pitching for Texarkana Bears : RHP Joe Utter
|
Batting: RHB Daniel Robert
|
0-0: Called Strike 0-1: Ball 1-1: Ground out 5-3 (Groundball, 5)
|
Batting: RHB Bill Little
|
0-0: Called Strike 0-1: Ball 1-1: Ball 2-1: Foul Ball, location: 2F 2-2: Strikes out swinging
|
Batting: LHB Mike Williams
|
0-0: Ball 1-0: Called Strike 1-1: SINGLE (Line Drive, 3S)
|
Batting: RHB Walton Smith
|
0-0: Ball 1-0: Fly out, F8 (Flyball, 8RXD)
|
Top of the 5th over - 0 run(s), 1 hit(s), 0 error(s), 1 left on base; Vancouver 3 - Texarkana 4 |
BOTTOM OF THE 5TH |
Texarkana Bears batting - Pitching for Vancouver Vipers : RHP Javier Toledo
|
Batting: RHB Juan Rico
|
0-0: DOUBLE (Line Drive, 9LM)
|
Batting: LHB Tom Mullins
|
0-0: Swinging Strike 0-1: Foul Ball, location: 2F 0-2: Strikes out swinging
|
Batting: RHB Taki Chikafuji
|
0-0: Ball 1-0: Foul Ball, location: 2F 1-1: Foul Ball, location: 2F 1-2: Foul Ball, location: 2F 1-2: Strikes out swinging
|
Batting: RHB Arturo Rodríguez
|
0-0: Ground out 5-3 (Groundball, 56D)
|
Bottom of the 5th over - 0 run(s), 1 hit(s), 0 error(s), 1 left on base; Vancouver 3 - Texarkana 4 |
TOP OF THE 6TH |
Vancouver Vipers batting - Pitching for Texarkana Bears : RHP Joe Utter
|
Pitching: RHP Jesús Sosa
|
|
Batting: SHB Henry Copeland
|
0-0: SINGLE (Groundball, 34D)
|
Batting: LHB Brian Ford
|
0-0: Swinging Strike 0-1: Ball 1-1: Foul Ball, location: 2F 1-2: Foul Ball, location: 2F 1-2: Ball 2-2: Ball 3-2: Grounds into double play, 4-6-3 (Groundball, 4)
|
Batting: RHB David Canseco
|
0-0: Called Strike 0-1: Fly out, F8 (Flyball, 89M)
|
Top of the 6th over - 0 run(s), 1 hit(s), 0 error(s), 0 left on base; Vancouver 3 - Texarkana 4 |
BOTTOM OF THE 6TH |
Texarkana Bears batting - Pitching for Vancouver Vipers : RHP Javier Toledo
|
Batting: RHB Gilberto López
|
0-0: Foul Ball, location: 2F 0-1: Ground out 5-3 (Groundball, 56)
|
Batting: RHB Michael Barraclough
|
0-0: Called Strike 0-1: Ball 1-1: Foul Ball, location: 2F 1-2: Fly out, F9 (Flyball, 9LSF)
|
Batting: RHB Steve Garneys
|
0-0: Ground out 4-3 (Groundball, 4)
|
Bottom of the 6th over - 0 run(s), 0 hit(s), 0 error(s), 0 left on base; Vancouver 3 - Texarkana 4 |
TOP OF THE 7TH |
Vancouver Vipers batting - Pitching for Texarkana Bears : RHP Jesús Sosa
|
Batting: RHB Víctor Arredondo
|
0-0: Called Strike 0-1: Foul Ball, location: 2F 0-2: Ball 1-2: Ground out 5-3 (Groundball, 5S)
|
Batting: RHB Sergio Pujols
|
0-0: Ball 1-0: Ball 2-0: Ground out 1-3 (Groundball, P)
|
Batting: RHB Daniel Robert
|
0-0: Swinging Strike 0-1: Ball 1-1: Foul Ball, location: 2F 1-2: Strikes out looking
|
Top of the 7th over - 0 run(s), 0 hit(s), 0 error(s), 0 left on base; Vancouver 3 - Texarkana 4 |
BOTTOM OF THE 7TH |
Texarkana Bears batting - Pitching for Vancouver Vipers : RHP Javier Toledo
|
Pitching: RHP Von Hicks
|
|
Batting: RHB Tony Reyes
|
0-0: Ball 1-0: Called Strike 1-1: Fly out, F8 (Flyball, 8RD)
|
Batting: LHB Sam Barnes
|
0-0: Ball 1-0: Ball 2-0: Fly out, F7 (Flyball, 7LS)
|
Batting: RHB Juan Rico
|
0-0: Ball 1-0: Ball 2-0: Foul Ball, location: 2F 2-1: Ball 3-1: Called Strike 3-2: Strikes out looking
|
Bottom of the 7th over - 0 run(s), 0 hit(s), 0 error(s), 0 left on base; Vancouver 3 - Texarkana 4 |
TOP OF THE 8TH |
Vancouver Vipers batting - Pitching for Texarkana Bears : RHP Jesús Sosa
|
Pitching: RHP Álex Rodríguez
|
|
Batting: RHB Bill Little
|
0-0: Ball 1-0: Ball 2-0: Ball 3-0: Base on Balls
|
Pitching: LHP Juan Barrera
|
|
Pinch Hitting: RHB Marvin Workman
|
0-0: Called Strike 0-1: Fielders Choice at 2nd, 3-6 (Groundball, 3)
|
Pitching: RHP Enrique Valdés
|
|
Pinch Runner at 1st Ryan Parrish:
|
|
Batting: RHB Walton Smith
|
0-0: Ball 1-0: Ball 2-0: Ball 3-0: Base on Balls Ryan Parrish to second
|
Pinch Hitting: LHB Benny Richard
|
0-0: Called Strike 0-1: Ball 1-1: Ball 2-1: DOUBLE (Flyball, 7D) Ryan Parrish scores Walton Smith to third
|
Batting: LHB Brian Ford
|
0-0: Intentional Walk
|
Pinch Hitting: RHB Lorenzo González
|
0-0: Called Strike 0-1: Swinging Strike 0-2: Ball 1-2: Ball 2-2: Foul Ball, location: 2F 2-2: Foul Ball, location: 2F 2-2: Strikes out swinging
|
Batting: RHB Víctor Arredondo
|
0-0: Called Strike 0-1: Fly out, F7 (Flyball, 78S)
|
Top of the 8th over - 1 run(s), 1 hit(s), 0 error(s), 3 left on base; Vancouver 4 - Texarkana 4 |
BOTTOM OF THE 8TH |
Texarkana Bears batting - Pitching for Vancouver Vipers : RHP Von Hicks
|
Now at 1B: Luis Sáenz
|
|
Now at SS: Axel Guimont
|
|
Now in LF: Steve Bender
|
|
Batting: LHB Tom Mullins
|
0-0: Ball 1-0: Foul Ball, location: 2F 1-1: Foul Ball, location: 2F 1-2: Fly out, F7 (Flyball, 7)
|
Batting: RHB Taki Chikafuji
|
0-0: Called Strike 0-1: SINGLE (Groundball, 6MD)
|
Pinch Runner at 1st Guy Moss:
|
|
Pinch Hitting: RHB Billy Campbell
|
0-0: Ball Guy Moss is caught stealing 2nd base 1-0: Ball 2-0: Ball 3-0: Base on Balls
|
Batting: RHB Gilberto López
|
0-0: Swinging Strike 0-1: Ball 1-1: Foul Ball, location: 2F 1-2: Ball 2-2: Ball 3-2: DOUBLE (Line Drive, 89S) Billy Campbell to third Billy Campbell scores
|
Batting: RHB Michael Barraclough
|
0-0: Ball 1-0: Called Strike 1-1: TRIPLE (Flyball, 8LXD) Gilberto López scores
|
Pitching: LHP Cliff Williams
|
|
Batting: RHB Steve Garneys
|
0-0: Ball 1-0: Ball 2-0: Foul Ball, location: 2F 2-1: Foul Ball, location: 2F 2-2: Foul Ball, location: 2F 2-2: Ground out 4-3 (Groundball, 4)
|
Bottom of the 8th over - 2 run(s), 3 hit(s), 0 error(s), 1 left on base; Vancouver 4 - Texarkana 6 |
TOP OF THE 9TH |
Vancouver Vipers batting - Pitching for Texarkana Bears : RHP Enrique Valdés
|
Pitching: RHP Kosami Tagawa
|
|
Now at 3B: Kun Liu
|
|
Now in CF: Guy Moss
|
|
Batting: RHB Sergio Pujols
|
0-0: Ball 1-0: Swinging Strike 1-1: Ball 2-1: Foul Ball, location: 2F 2-2: Foul Ball, location: 2F 2-2: Foul Ball, location: 2F 2-2: Foul Ball, location: 2F 2-2: Ball 3-2: Strikes out looking
|
Batting: RHB Daniel Robert
|
0-0: Called Strike 0-1: Foul Ball, location: 2F 0-2: Ball 1-2: Ball 2-2: SINGLE (Line Drive, 9LS)
|
Batting: RHB Bill Little
|
0-0: Called Strike 0-1: Foul Ball, location: 2F 0-2: Ball 1-2: Fly out, F8 (Flyball, 89D)
|
Batting: RHB Luis Sáenz
|
0-0: Called Strike 0-1: Foul Ball, location: 2F 0-2: Ball 1-2: Foul Ball, location: 2F 1-2: Ball 2-2: Ball 3-2: Foul Ball, location: 2F 3-2: Base on Balls Daniel Robert to second
|
Batting: RHB Walton Smith
|
0-0: Foul Ball, location: 2F 0-1: Fielders Choice at 2nd, 5-4 (Groundball, 56)
|
Top of the 9th over - 0 run(s), 1 hit(s), 0 error(s), 1 left on base; Vancouver 4 - Texarkana 6 |
|